 Dungeon Crawl Stone Soup version 0.15-a0-2213-gb17132f (webtiles) character file.

202 Meriados the Magician (level 5, -2/28 HPs)
             Began as a Deep Elf Wizard on July 24, 2014.
             Killed by divine providence
             ... invoked by an orc priest
              (14 damage)
             ... on Level 4 of the Dungeon.
             The game lasted 00:18:32 (3435 turns).

Meriados the Magician (Deep Elf Wizard)             Turns: 3435, Time: 00:18:32

HP  -2/28        AC  3     Str  4      XL: 5   Next: 50%
MP   9/21        EV 12     Int 24      God:
Gold 125         SH  0     Dex 13      Spells:  6 memorised,  4 levels left

rFire  . . .     SeeInvis +     B - +0 dagger (venom)
rCold  . . .     Clarity  .     a - +0 robe
rNeg   . . .     rCorr    .     (no shield)
rPois  .         rRot     .     b - +0 hat
rElec  .         Spirit   .     y - +0 cloak
SustAb .         Warding  .     (no gloves)
rMut   .         Stasis   .     (no boots)
Gourm  +                        C - amulet of the gourmand
MR     .....                    (no ring)
                                u - ring of see invisible

@: very slightly contaminated, not resistant to hostile enchantments, unstealthy
A: no striking features
a: no special abilities


You were on level 4 of the Dungeon.
You were not hungry.

You visited 1 branch of the dungeon, and saw 4 of its levels.

You collected 125 gold pieces.

Inventory:

Hand weapons
 e - a +0 short sword
 B - a +0 dagger of venom (weapon)
Armour
 a - a +0 robe (worn)
 b - a +0 hat (worn)
 y - a +0 cloak (worn)
Comestibles
 d - a bread ration
 s - a meat ration
 w - 2 beef jerkies
 A - a slice of pizza
Scrolls
 f - 4 scrolls of enchant armour {unknown}
 h - 5 scrolls of remove curse {unknown}
 i - 3 scrolls of identify {unknown}
 k - 3 scrolls of teleportation {unknown}
 l - a scroll of magic mapping {unknown}
 q - a scroll of fog {unknown}
 v - a scroll of amnesia {unknown}
 x - a scroll of enchant weapon {unknown}
Jewellery
 n - an uncursed amulet of resist corrosion
 u - a ring of see invisible (left hand)
 C - an amulet of the gourmand (around neck)
Potions
 g - a potion of curing
 j - a potion of restore abilities {unknown}
 m - a potion of invisibility {unknown}
 o - a potion of mutation {unknown}
 p - 3 potions of brilliance {unknown}
 r - a potion of lignification {unknown}
 t - a potion of magic {unknown}
 z - a potion of degeneration {unknown}
Books
 c - a book of Minor Magic

   Spells                             Type                      Level
   *Magic Dart                        Conjuration                  1
   *Blink                             Translocation                2
   *Call Imp                          Summoning                    2
   *Repel Missiles                    Charms/Air                   2
   Slow                               Hexes                        2
   *Conjure Flame                     Conjuration/Fire             3
   *Mephitic Cloud                    Conjuration/Poison/Air       3


   Skills:
 - Level 2.4 Dodging
 - Level 2.4 Stealth
 * Level 6.7 Spellcasting
 - Level 4.2 Conjurations
 - Level 1.2 Summonings
 - Level 1.1 Translocations


You had 4 spell levels left.
You knew the following spells:

 Your Spells              Type           Power        Failure   Level  Hunger
a - Magic Dart            Conj           ####         1%          1    None
b - Blink                 Tloc           N/A          10%         2    None
c - Call Imp              Summ           ##......     10%         2    None
d - Mephitic Cloud        Conj/Pois/Air  ##......     14%         3    None
e - Conjure Flame         Conj/Fire      ###.....     12%         3    None
f - Repel Missiles        Chrm/Air       #.....       12%         2    None


Dungeon Overview and Level Annotations

Branches:
Dungeon (4/15)
 Temple: D:4-7

Altars:
Kikubaaqudgha
Okawaru


Message History

Nothing appears to happen.
The worker ant is engulfed in noxious fumes.
The worker ant appears confused.
The worker ant completely misses the orc.
The orc hits the worker ant with a club.
Casting: Mephitic Cloud
Confirm with . or Enter, or press ? or * to list all spells.
A beastly little devil appears in a puff of flame.
Your crimson imp says, "I'm here!"
The worker ant moves out of view.
You swap places.
The orc priest closely misses your crimson imp.
Your crimson imp hits the orc priest.
The orc priest hits your crimson imp but does no damage.
Your crimson imp barely misses the orc priest.
An orc wizard comes into view. It is wielding a dagger.
The orc priest invokes the aid of Beogh against you.
Something smites you!
Ouch! That really hurt!
You die...

#....#.........# #%
#.#.#.#........ .
#####.#.#.########.
###.........#
#..)...8#8..########.
#......#?#...........#
##......8#8..#.........
#............#.....##.#
#.....<.##@...........
#.......#....#.....##.
##.....##.##.......#
#....###5####o#####
#.#### #o# #.# #.# #.##
#.# #.# #..# #.#
#.#######.##
#.o......o.#


You could see an orc priest, an orc wizard and a friendly crimson imp.

Vanquished Creatures
  2 scorpions
  A worker ant zombie (D:3)
  An adder (D:2)
  2 worms
  5 giant geckos
  3 orcs
  12 goblins
  4 hobgoblins
  6 jackals
  2 quokkas (D:3)
  3 ball pythons
  12 bats
  7 giant cockroaches
  2 giant newts (D:2)
  6 kobolds
  10 rats
78 creatures vanquished.

Vanquished Creatures (collateral kills)
  A worker ant (D:4)
  A hobgoblin (D:1)
2 creatures vanquished.

Vanquished Creatures (others)
  A shadow imp (D:3)
  A white imp (D:4)
2 creatures vanquished.

Grand Total: 82 creatures vanquished

Notes
Turn   | Place    | Note
--------------------------------------------------------------
     0 | D:1      | Meriados, the Deep Elf Wizard, began the quest for the Orb.
     0 | D:1      | Reached XP level 1. HP: 10/10 MP: 6/6
   211 | D:1      | Reached XP level 2. HP: 15/15 MP: 0/9
   216 | D:1      | Learned a level 2 spell: Blink
   219 | D:1      | Learned a level 2 spell: Call Imp
  1087 | D:2      | Reached XP level 3. HP: 19/19 MP: 5/12
  1132 | D:2      | Learned a level 3 spell: Mephitic Cloud
  1834 | D:2      | Reached XP level 4. HP: 24/24 MP: 13/15
  2068 | D:3      | Found an ancient bone altar of Kikubaaqudgha.
  2164 | D:3      | Reached skill level 5 in Spellcasting
  2422 | D:3      | Found an iron altar of Okawaru.
  3041 | D:3      | Learned a level 3 spell: Conjure Flame
  3044 | D:3      | Learned a level 2 spell: Repel Missiles
  3081 | D:4      | Reached XP level 5. HP: 11/28 MP: 2/20
  3089 | D:4      | Reached skill level 6 in Spellcasting
  3394 | D:4      | Noticed an ogre
  3435 | D:4      | Killed from afar by an orc priest

Action                   |  1- 3 |  4- 6 || total
-------------------------+-------+-------++-------
Melee: Dagger            |       |     3 ||     3
 Cast: Magic Dart        |   103 |    72 ||   175
       Call Imp          |     1 |     5 ||     6
       Mephitic Cloud    |       |     4 ||     4
       Blink             |       |     1 ||     1
  Use: Potion            |     1 |     1 ||     2
  Eat: Chunk             |     2 |     7 ||     9
